 Dungeon Crawl Stone Soup version 0.24-a0-525-g9231cdc (webtiles) character file.

Game seed: 11312417710021964422

245 ArcanElement the Ducker (level 5, 0/32 HPs)
             Began as a Deep Elf Wizard on Aug 1, 2019.
             Succumbed to an adder's poison
             ... on level 4 of the Dungeon.
             The game lasted 00:09:41 (2975 turns).

ArcanElement the Ducker (Deep Elf Wizard)           Turns: 2975, Time: 00:09:41

Health: 0/32       AC:  2    Str:  4    XL:     5   Next: 83%
Magic:  2/23       EV: 17    Int: 24    God:
Gold:   203        SH:  0    Dex: 13    Spells: 1/14 levels left

rFire    . . .     SeeInvis .   q - +2 dagger (freeze)
rCold    . . .     Gourm    .   (no shield)
rNeg     . . .     Faith    .   a - +0 robe
rPois    .         Spirit   .   b - +0 hat
rElec    .         Reflect  .   (no cloak)
rCorr    .         Harm     .   (no gloves)
MR       .....                  (no boots)
Stlth    ++........             (no amulet)
HPRegen  0.10/turn              j - ring of magical power
MPRegen  0.18/turn              i - +3 ring of evasion

@: lethally poisoned (0 -> -7), very slightly contaminated, lightly drained
A: no striking features
a: no special abilities


You were on level 4 of the Dungeon.
You were not hungry.

You visited 1 branch of the dungeon, and saw 4 of its levels.

You collected 203 gold pieces.

Inventory:

Hand Weapons
 q - a +2 dagger of freezing (weapon)
Missiles
 g - 55 arrows
 m - 8 datura-tipped darts (quivered)
 p - 5 poisoned darts
Armour
 a - a +0 robe (worn)
 b - a +0 hat (worn)
Jewellery
 f - an uncursed ring of protection from cold
 i - a +3 ring of evasion (right hand)
 j - a ring of magical power (left hand)
 n - a +4 ring of intelligence {unknown}
 t - an uncursed ring of fire
Scrolls
 h - a scroll of amnesia
Potions
 k - a potion of lignification
 r - a potion of might
 s - a potion of curing {unknown}
Comestibles
 d - 7 rations


   Skills:
 + Level 3.0(2.9) Fighting
 + Level 5.2(5.1) Dodging
 - Level 2.4(2.3) Stealth
 - Level 5.1(5.0) Spellcasting
 - Level 1.1(1.0) Conjurations
 - Level 1.1(1.0) Summonings
 - Level 1.1(1.0) Translocations


You had one spell level left.
You knew the following spells:

 Your Spells              Type           Power        Failure   Level  Hunger
a - Magic Dart            Conj           ##..         6%          1    None
b - Blink                 Tloc           N/A          9%          2    None
c - Call Imp              Summ           ##......     9%          2    None
d - Slow                  Hex            #.......     13%         2    None
e - Mephitic Cloud        Conj/Pois/Air  #.......     22%         3    ##.....
f - Conjure Flame         Conj/Fire      #.......     22%         3    ##.....

Your spell library contained the following spells:

 Spells                   Type           Power        Failure   Level  Hunger


Dungeon Overview and Level Annotations

Branches:
Dungeon (4/15)
 Temple: D:4-7

Altars:
Ashenzari
Elyvilon
Nemelex Xobeh


Message History

Casting: Call Imp (safe; 9% risk of failure)
Confirm with . or Enter, or press ? or * to list all spells.
You blink.
* * * LOW HITPOINT WARNING * * *
You feel sick.
Your crimson imp disappears in a puff of smoke!
The ogre completely misses you.
Casting: Blink (safe; 9% risk of failure)
Confirm with . or Enter, or press ? or * to list all spells.
You miscast Blink.
You are very lightly contaminated with residual magic.
Nothing appears to happen.
The adder bites you.
* * * LOW HITPOINT WARNING * * *
You are more poisoned.
The adder poisons you! The ogre completely misses you.
The orc hits your white imp.
Casting: Blink (safe; 9% risk of failure)
Confirm with . or Enter, or press ? or * to list all spells.
You blink.
You die...

#..# #..# ###SO###
#..§..<#
########.#5##.#
.........§§##.#
.S..!.##o####.#
####[..#o# #.#
.......@.####.########
####.................#
##.##############5# #.
#.# #. #5# .## #.# ..
#5# #. #5###
######.############.o.5


You could see an ogre, an adder (sleeping), 2 orcs and a friendly white imp.

Vanquished Creatures
  An orc wizard (D:4)
  Natasha (thrice) (D:3)
  A gnoll (D:2)
  An adder (D:2)
  2 oozes (D:1)
  2 dart slugs (D:1)
  A leopard gecko (D:3)
  An orc (D:3)
  2 ball pythons
  3 giant cockroaches
  6 goblins
  7 hobgoblins
  4 jackals
  12 kobolds
  8 bats
  5 frilled lizards
  6 rats
65 creatures vanquished.

Vanquished Creatures (collateral kills)
  Jessica (D:3)
  An iguana (D:3)
  2 gnolls (D:2)
  A worm (D:2)
  2 orcs (D:4)
  A kobold (D:3)
8 creatures vanquished.

Grand Total: 73 creatures vanquished

Notes
Turn   | Place    | Note
-------+----------+-------------------------------------------
     0 | D:1      | ArcanElement the Deep Elf Wizard began the quest for the
                  | Orb.
     0 | D:1      | Reached XP level 1. HP: 10/10 MP: 7/7
   160 | D:1      | Reached skill level 5 in Spellcasting
   163 | D:1      | Reached XP level 2. HP: 10/15 MP: 2/10
   167 | D:1      | Learned a level 2 spell: Blink
   170 | D:1      | Learned a level 2 spell: Call Imp
   173 | D:1      | Learned a level 2 spell: Slow
   587 | D:1      | Reached skill level 1 in Fighting
   656 | D:1      | Reached XP level 3. HP: 20/20 MP: 11/11
   661 | D:1      | Learned a level 3 spell: Mephitic Cloud
  1166 | D:2      | Found a sparkling altar of Nemelex Xobeh.
  1473 | D:2      | Reached XP level 4. HP: 26/26 MP: 13/13
  1486 | D:2      | Found a white marble altar of Elyvilon.
  1666 | D:3      | Noticed Jessica
  1670 | D:3      | Killed Jessica
  1804 | D:3      | Learned a level 3 spell: Conjure Flame
  1986 | D:3      | Noticed Natasha
  2000 | D:3      | Killed Natasha
  2000 | D:3      | Reached XP level 5. HP: 31/31 MP: 9/14
  2134 | D:3      | Found a shattered altar of Ashenzari.
  2143 | D:3      | Noticed Natasha
  2184 | D:3      | Killed Natasha
  2770 | D:3      | Noticed Natasha
  2777 | D:3      | Killed Natasha
  2777 | D:3      | Reached skill level 5 in Dodging
  2957 | D:4      | Noticed an ogre
  2974 | D:4      | HP: 1/32 [adder (1)]
  2975 | D:4      | Succumbed to an adder's poison

Levels and vault maps discovered:
D:1:      matt_arrival_spirals, layout_loops_ring
D:2:      layout_basic, nemelex_altar_shiori, hangedman_decor_opposing,
          elyvilon_altar_3
D:3:      layout_loops_cross, ashenzari_conservatory_becter,
          roderic_st_hans_cross, minmay_misc_feat_alley, uniq_jessica,
          uniq_natasha
D:4:      layout_loops_ring, minmay_temple_entry_poolview, first_ration,
          nicolae_ossuary_entry_giza, uniq_robin

Skill      XL: |  1  2  3  4  5 |
---------------+----------------+-----
Spellcasting   | 5 |  5.1
Fighting       | 1 2 3 |  3.0
Dodging        | 3 4 5 |  5.2
Stealth        | |  2.4
Conjurations   | |  1.1
Summonings     | |  1.1
Translocations | |  1.1

Action                   |  1- 3 |  4- 6 || total
-------------------------+-------+-------++-------
Melee: Dagger            |       |    10 ||    10
 Cast: Magic Dart        |    89 |    84 ||   173
       Call Imp          |     5 |    15 ||    20
       Mephitic Cloud    |     1 |     6 ||     7
       Blink             |       |     4 ||     4
       Conjure Flame     |       |     2 ||     2
  Use: Scroll            |       |     7 ||     7
  Eat: Chunk             |     2 |     4 ||     6
Armor: Robe              |       |     6 ||     6
Dodge: Dodged            |     9 |    39 ||    48

Table legend:
 A = Non-vault XP
 B = Vault XP
 C = Vault XP percentage of total XP
 D = Non-vault monster count
 E = Vault monster count
 F = Vault count percentage of total count
                 A         B        C        D         E       F
            +---------+---------+-------+---------+---------+-------
      Total |     286 |      64 |  18.3 |      71 |       2 |   2.7
            +---------+---------+-------+---------+---------+-------
        D:1 |      54 |       0 |   0.0 |      26 |       0 |   0.0
        D:2 |      62 |       0 |   0.0 |      21 |       0 |   0.0
        D:3 |     124 |      64 |  34.0 |      21 |       2 |   8.7
        D:4 |      46 |       0 |   0.0 |       3 |       0 |   0.0
            +---------+---------+-------+---------+---------+-------
